 Seeded DCSS version 0.29.1-15-g9cfb28693d (webtiles) character file.

Game seed: 1019281591211795276 (custom seed)

517 bmack86 the Chopper (level 7, -3/61 HPs)
             Began as a Minotaur Fighter on Apr 12, 2023.
             Slain by Prince Ribbit (14 damage)
             ... on level 5 of the Dungeon.
             The game lasted 00:09:08 (4373 turns).

bmack86 the Chopper (Minotaur Fighter)              Turns: 4373, Time: 00:09:08

Health: -3/61      AC:  9    Str: 22    XL:     7   Next: 0%
Magic:  6/6        EV:  7    Int:  5    God:
Gold:   152        SH:  5    Dex: 10    Spells: 6/6 levels left

rFire   . . .      SeeInvis .   a - +0 war axe
rCold   . . .      Faith    .   c - +0 buckler
rNeg    . . .      Spirit   .   i - +0 chain mail
rPois   .          Reflect  .   (helmet restricted)
rElec   .          Harm     .   (no cloak)
rCorr   .          Rampage  .   (no gloves)
Will    .....                   (no boots)
Stlth   ..........              (no amulet)
HPRegen 0.20/turn               (no ring)
MPRegen 0.10/turn               (no ring)

@: mighty
A: horns 2, retaliatory headbutt
a: no special abilities


You were on level 5 of the Dungeon.
You visited 2 branches of the dungeon, and saw 6 of its levels.

You collected 222 gold pieces.
You spent 70 gold pieces at shops.

Inventory:

Hand Weapons
 a - a +0 war axe (weapon)
Missiles
 s - 2 poisoned darts
Armour
 b - a +0 scale mail
 c - a +0 buckler (worn)
 i - a +0 chain mail (worn)
Wands
 h - a wand of polymorph (10)
 r - a wand of flame (16) (quivered)
Scrolls
 e - 4 scrolls of acquirement {unknown}
 k - 4 scrolls of teleportation
 l - a scroll of immolation {unknown}
 m - a scroll of enchant weapon {unknown}
 n - a scroll of fear {unknown}
 o - a scroll of silence {unknown}
 q - a scroll of amnesia {unknown}
Potions
 f - a potion of magic
 g - a potion of haste
 j - 2 potions of curing
 p - a potion of heal wounds {unknown}


   Skills:
 + Level 5.3 Fighting
 * Level 6.0 Axes
 + Level 5.3 Armour
 + Level 5.3 Shields


You had 6 spell levels left.
You didn't know any spells.
Your spell library contained the following spells:

 Spells                   Type           Power      Damage    Failure   Level
 Apportation              Tloc           0%         N/A       99%         1
 Necrotise                Necr           0%         1d4       99%         1
 Summon Small Mammal      Summ           0%         N/A       99%         1
 Ensorcelled Hibernation  Hex/Ice        0%         N/A       100%        2
 Spider Form              Tmut/Pois      0%         N/A       100%        3
 Anguish                  Hex/Necr       0%         N/A       100%        4


Dungeon Overview and Level Annotations

Branches:
Dungeon (5/15)             Temple (1/1) D:5

Altars:
Ashenzari
Cheibriados
Fedhas
Makhleb
Nemelex Xobeh
Uskayaw
Vehumet
Wu Jian
Zin
The Shining One

Shops:
D:2 ?

Annotations:
D:3 2 transporters, Branyolo's ghost, amateur MiBe
D:5 Prince Ribbit


Innate Abilities, Weirdness & Mutations

You have a pair of horns on your head.
You reflexively headbutt those who attack you in melee.


Message History

Prince Ribbit comes into view.
Prince Ribbit croaks.
Prince Ribbit catches a moth with his tongue.
Prince Ribbit moves out of view.
You see here 2 poisoned darts.
s - 2 poisoned darts The puff of flame hits Prince Ribbit!
Prince Ribbit is moderately wounded.
Prince Ribbit hops awkwardly around.
An orc priest comes into view. It is wielding a +0 club.
The puff of flame misses Prince Ribbit.
You hit Prince Ribbit. You headbutt Prince Ribbit.
Prince Ribbit is moderately wounded.
Prince Ribbit hits you!
Prince Ribbit blinks!
You closely miss Prince Ribbit.
Prince Ribbit is moderately wounded.
Prince Ribbit hops awkwardly around.
Prince Ribbit hits you! x2
You miss Prince Ribbit.
Prince Ribbit is moderately wounded.
Prince Ribbit barely misses you.
You barely miss Prince Ribbit.
Prince Ribbit is moderately wounded.
Prince Ribbit hits you!
Prince Ribbit hits you but does no damage.
You barely miss Prince Ribbit.
Prince Ribbit is moderately wounded.
Prince Ribbit hits you!
* * * LOW HITPOINT WARNING * * *
Prince Ribbit hits you!
* * * LOW HITPOINT WARNING * * *
You feel very mighty all of a sudden. Prince Ribbit barely misses you.
You miss Prince Ribbit. You headbutt Prince Ribbit.
Prince Ribbit is heavily wounded.
Prince Ribbit hits you.
* * * LOW HITPOINT WARNING * * *
Prince Ribbit closely misses you.
You feel better. Prince Ribbit hits you!
You die...

....≈.o...≈. ≈≈≈.≈≈≈≈≈≈≈
#. .......... ....# .###
..#....###...####.#..
....................
#........≈≈≈≈≈.....
.#####......≈≈≈≈≈≈≈≈≈...
.......@..≈≈≈≈≈≈≈≈≈≈≈≈≈.
######.F.≈≈≈≈≈≈...≈≈≈≈≈≈
#...≈≈≈≈≈≈.>.≈≈≈≈≈≈
#...≈≈≈≈≈≈...≈≈≈≈≈≈
#...≈≈≈≈≈~≈≈≈≈≈≈≈≈≈
###..≈≈≈~~≈≈≈≈≈≈≈≈.
#....≈~≈≈≈≈≈≈≈...
#......≈≈≈≈≈.....
#................


You could see Prince Ribbit and an orc priest.

Vanquished Creatures
  Grinder (D:3)
  An ogre (D:4)
  A phantom (D:4)
  A jelly (D:4)
  An iguana (D:4)
  4 adders
  A worm (D:4)
  A dart slug (D:3)
  10 ball pythons
  5 bats
  5 endoplasms
  8 giant cockroaches
  7 goblins
  5 hobgoblins
  7 kobolds
  3 quokkas
  8 frilled lizards
  6 rats
75 creatures vanquished.

Vanquished Creatures (others)
  A fungus (D:1)
  4 plants
5 creatures vanquished.

Grand Total: 80 creatures vanquished

Notes
Turn   | Place    | Note
-------+----------+-------------------------------------------
     0 | D:1      | bmack86 the Minotaur Fighter began the quest for the Orb.
     0 | D:1      | Reached XP level 1. HP: 19/19 MP: 0/0
   322 | D:1      | Reached XP level 2. HP: 27/27 MP: 1/1
   433 | D:1      | Reached skill level 3 in Axes
   906 | D:1      | Reached XP level 3. HP: 32/33 MP: 2/2
  1098 | D:1      | Found a faded altar of an unknown god.
  1369 | D:2      | Found Seuseagikh's Magic Scroll Shoppe.
  1396 | D:2      | Bought a scroll of identify for 28 gold pieces
  1396 | D:2      | Bought a scroll of teleportation for 42 gold pieces
  1903 | D:3      | Noticed Grinder
  1910 | D:3      | Paralysed by Grinder for 3 turns
  1920 | D:3      | Killed Grinder
  1921 | D:3      | Reached skill level 5 in Axes
  1921 | D:3      | Reached XP level 4. HP: 9/41 MP: 3/3
  1921 | D:3      | Reached XP level 5. HP: 10/47 MP: 4/4
  2588 | D:3      | Reached XP level 6. HP: 55/55 MP: 5/5
  2635 | D:3      | Found a transporter.
  2704 | D:3      | Found a transporter.
  2752 | D:3      | Noticed Branyolo's ghost (amateur MiBe)
  3617 | D:4      | Reached skill level 5 in Fighting
  3617 | D:4      | Reached skill level 5 in Armour
  3617 | D:4      | Reached skill level 5 in Shields
  3955 | D:4      | Reached skill level 6 in Axes
  3955 | D:4      | Reached XP level 7. HP: 40/61 MP: 6/6
  4191 | D:5      | Entered Level 5 of the Dungeon
  4199 | D:5      | Found a staircase to the Ecumenical Temple.
  4224 | Temple   | Entered the Ecumenical Temple
  4361 | D:5      | Noticed Prince Ribbit
  4373 | D:5      | Slain by Prince Ribbit

Illustrated notes

Levels and vault maps discovered:
D:1:      wander_arrival_lonely_grave, layout_basic,
          shapermc_ecumenical_altar_hornbeckon, minmay_small_reverse_x
D:2:      layout_rooms, serial_shops, nicolae_shop_advertising_works
          [nicolae_subvault_shop_adworks]
D:3:      layout_basic, gammafunk_ghost_gnarly_gnolls, uniq_grinder
D:4:      layout_loops_ring, serial_bayou_pond_b, grunt_decor_mini_mirrors,
          kennysheep_big_empty_room
D:5:      kennysheep_six_static_rooms, layout_basic, kiku_gazebo_garden_becter,
          mainiacjoe_overflow_catwalk_spiral, temple_pool_b,
          uniq_prince_ribbit1, uniq_menkaure
Temple:   nicolae_temple_two_arcs

Skill      XL: |  1  2  3  4  5  6 |
---------------+-------------------+-----
Axes           | 3 5 6 |  6.0
Fighting       | 4 5 |  5.3
Armour         | 4 5 |  5.3
Shields        | 4 5 |  5.3

Action                   |  1- 3 |  4- 6 |  7- 9 || total
-------------------------+-------+-------+-------++-------
Melee: War axe           |    97 |    77 |     7 ||   181
       Headbutt          |    13 |     5 |     2 ||    20
Evoke: Wand              |       |       |     2 ||     2
  Use: Scroll            |     2 |     2 |       ||     4
       Potion            |       |       |     2 ||     2
Armor: Scale mail        |     8 |       |       ||     8
       Chain mail        |    65 |    40 |     1 ||   106
Dodge: Dodged            |    47 |    25 |     3 ||    75
Block: Buckler           |    27 |    20 |       ||    47
